 Dungeon Crawl Stone Soup version 0.21.1-1-g345015fe64 (webtiles) character file.

206 Mrkan the Fighter (level 5, -1/51 HPs)
             Began as a Gnoll Wanderer on July 13, 2018.
             Was a Follower of Okawaru.
             Slain by Grinder (5 damage)
             ... on level 3 of the Dungeon.
             The game lasted 00:04:28 (2316 turns).

Mrkan the Fighter (Gnoll Wanderer)                  Turns: 2316, Time: 00:04:29

Health: -1/51      AC:  8    Str: 15    XL:     5   Next: 84%
Magic:  5/7        EV: 13    Int: 13    God:    Okawaru [*.....]
Gold:   91         SH: 10    Dex: 16    Spells: 7/7 levels left

rFire    . . .     SeeInvis .   a - +2 hand axe
rCold    . . .     Gourm    .   s - +0 shield
rNeg     . . .     Faith    .   b - +0 ring mail
rPois    .         Spirit   .   (no helmet)
rElec    .         Reflect  .   (no cloak)
rCorr    .         Harm     .   (no gloves)
MR       .....                  u - +0 pair of boots
Stlth    +++.......             (no amulet)
HPRegen  0.17/turn              (no ring)
MPRegen  0.10/turn              (no ring)

@: heroism
A: distributed training, fangs 1, strong nose
a: Heroism, Renounce Religion


You were on level 3 of the Dungeon.
You worshipped Okawaru.
Okawaru was aware of your devotion.
You were very hungry.

You visited 1 branch of the dungeon, and saw 3 of its levels.

You collected 91 gold pieces.

Inventory:

Hand Weapons
 a - a +2 hand axe (weapon)
Missiles
 m - a throwing net (quivered)
 q - 7 tomahawks
Armour
 b - a +0 ring mail (worn)
 s - a +0 shield (worn)
 u - a +0 pair of boots (worn)
Scrolls
 e - a scroll of teleportation
 f - 2 scrolls of remove curse
 g - a scroll of enchant weapon {unknown}
 i - a scroll of fog {unknown}
 r - a scroll of identify {unknown}
 t - a scroll of immolation {unknown}
Potions
 c - 2 potions of curing
 h - a potion of haste {unknown}
 j - a potion of lignification {unknown}
 l - a potion of mutation {unknown}
 n - a potion of heal wounds {unknown}
 o - a potion of ambrosia {unknown}
 p - a potion of flight {unknown}
Comestibles
 d - a ration


   Skills:
 + Level 8.7(13.7) Fighting
 + Level 1.6(6.6) Short Blades
 + Level 1.6(6.6) Long Blades
 + Level 6.7(11.7) Axes
 + Level 1.6(6.6) Maces & Flails
 + Level 1.6(6.6) Polearms
 + Level 1.6(6.6) Staves
 + Level 1.6(6.6) Slings
 + Level 1.6(6.6) Bows
 + Level 1.6(6.6) Crossbows
 + Level 3.0(8.0) Throwing
 + Level 3.0(8.0) Armour
 + Level 1.6(6.6) Dodging
 + Level 1.6(6.6) Stealth
 + Level 1.6(6.6) Shields
 + Level 1.6(6.6) Unarmed Combat
 + Level 1.6 Spellcasting
 + Level 1.3 Conjurations
 + Level 1.3 Hexes
 + Level 1.3 Charms
 + Level 1.3 Summonings
 + Level 1.3 Necromancy
 + Level 1.3 Translocations
 + Level 1.3 Transmutations
 + Level 1.3 Fire Magic
 + Level 1.3 Ice Magic
 + Level 1.3 Air Magic
 + Level 1.3 Earth Magic
 + Level 1.3 Poison Magic
 + Level 1.8 Invocations
 + Level 3.0 Evocations


You had 7 spell levels left.
You didn't know any spells.

Dungeon Overview and Level Annotations

Branches:
Dungeon (3/15)

Altars:
Nemelex Xobeh
Okawaru
Qazlal
Xom

Annotations:
D:3 Grinder


Innate Abilities, Weirdness & Mutations

Your experience applies equally to all skills.
You have very sharp teeth.
Your uncanny sense of smell can sniff out nearby items.


Message History

Grinder gestures at you. Pain shoots through your body!
You barely miss Grinder. You bite Grinder.
Grinder is lightly wounded.
You block Grinder's attack.
You slash Grinder!
Grinder is moderately wounded.
Grinder hits you.
You closely miss Grinder.
Grinder is moderately wounded.
Grinder gestures at you. Pain shoots through your body!
* * * LOW HITPOINT WARNING * * *
You hit Grinder.
Grinder is heavily wounded.
Grinder hits you.
* * * LOW HITPOINT WARNING * * *
You gain the combat prowess of a mighty hero.
Grinder hits you.
You die...

#..#.####.#.........#####.#
####.. #.#......... #.# ..
#.#........ #.# ###
#.#........ #.# #.#
#.#........ #.# #..###
#.#........ #.# ##....
###.#(....... #.#
......##............ #.#
#.#....#.?.@........ #.#
#....§.≈..§5........ #.#
#^^^≈(.≈..§§.....### #.#
^#^....###≈.....# #######.#
#..#≈≈..≈#.......#
#.......#
.^≈.≈..≈.≈.≈.....#
#.#......
......_..........#
#.#.#####
#≈.^.^.≈..≈......# #.#.# #
#^##.≈...#^§.%... #.#.# #


You could see Grinder.

Vanquished Creatures
  The ghost of JarielCorvus the Ducker, an amateur MfGl (D:3)
  An adder (D:2)
  An ooze (D:2)
  A dart slug (D:1)
  4 worms
  4 leopard geckos
  A ball python (D:2)
  2 giant cockroaches
  2 goblins (D:2)
  8 hobgoblins
  5 jackals
  5 kobolds
  4 bats
  3 frilled lizards
  2 rats
44 creatures vanquished.

Notes
Turn   | Place    | Note
-------+----------+-------------------------------------------
     0 | D:1      | Mrkan the Gnoll Wanderer began the quest for the Orb.
     0 | D:1      | Mrkan set off with: a +2 hand axe, a +0 ring mail, a potion of curing, a ration
     0 | D:1      | Reached XP level 1. HP: 26/26 MP: 2/2
    96 | D:1      | Reached XP level 2. HP: 31/33 MP: 3/3
   603 | D:1      | Reached XP level 3. HP: 33/38 MP: 4/4
   943 | D:2      | Reached skill level 1 in Invocations
   970 | D:2      | Found an iron altar of Okawaru.
  1004 | D:2      | Became a worshipper of Warmaster Okawaru
  1058 | D:2      | Reached skill level 1 in Short Blades
  1058 | D:2      | Reached skill level 1 in Long Blades
  1058 | D:2      | Reached skill level 1 in Maces & Flails
  1058 | D:2      | Reached skill level 1 in Polearms
  1058 | D:2      | Reached skill level 1 in Staves
  1058 | D:2      | Reached skill level 1 in Slings
  1058 | D:2      | Reached skill level 1 in Bows
  1058 | D:2      | Reached skill level 1 in Crossbows
  1058 | D:2      | Reached skill level 1 in Dodging
  1058 | D:2      | Reached skill level 1 in Stealth
  1058 | D:2      | Reached skill level 1 in Shields
  1058 | D:2      | Reached skill level 1 in Unarmed Combat
  1058 | D:2      | Reached skill level 1 in Spellcasting
  1123 | D:2      | Found a sparkling altar of Nemelex Xobeh.
  1149 | D:2      | Found a shimmering altar of Xom.
  1149 | D:2      | Found a shimmering altar of Xom.
  1149 | D:2      | Found a shimmering altar of Xom.
  1150 | D:2      | Found a shimmering altar of Xom.
  1150 | D:2      | Found a shimmering altar of Xom.
  1151 | D:2      | Found a shimmering altar of Xom.
  1151 | D:2      | Found a shimmering altar of Xom.
  1159 | D:2      | Found a shimmering altar of Xom.
  1161 | D:2      | Found a shimmering altar of Xom.
  1161 | D:2      | Found a shimmering altar of Xom.
  1169 | D:2      | Reached XP level 4. HP: 42/45 MP: 6/6
  1901 | D:3      | Noticed JarielCorvus's ghost (amateur MfGl)
  1918 | D:3      | Killed JarielCorvus's ghost
  1918 | D:3      | Reached * piety under Okawaru
  1918 | D:3      | Reached skill level 1 in Conjurations
  1918 | D:3      | Reached skill level 1 in Hexes
  1918 | D:3      | Reached skill level 1 in Charms
  1918 | D:3      | Reached skill level 1 in Summonings
  1918 | D:3      | Reached skill level 1 in Necromancy
  1918 | D:3      | Reached skill level 1 in Translocations
  1918 | D:3      | Reached skill level 1 in Transmutations
  1918 | D:3      | Reached skill level 1 in Fire Magic
  1918 | D:3      | Reached skill level 1 in Ice Magic
  1918 | D:3      | Reached skill level 1 in Air Magic
  1918 | D:3      | Reached skill level 1 in Earth Magic
  1918 | D:3      | Reached skill level 1 in Poison Magic
  1918 | D:3      | Reached XP level 5. HP: 10/51 MP: 7/7
  2298 | D:3      | Noticed Grinder
  2299 | D:3      | Found a stormy altar of Qazlal.
  2316 | D:3      | Slain by Grinder

Skill      XL: |  1  2  3  4 |
---------------+-------------+-----
Invocations    | 1 |  1.8
Short Blades   | 1 |  1.6
Long Blades    | 1 |  1.6
Maces & Flails | 1 |  1.6
Polearms       | 1 |  1.6
Staves         | 1 |  1.6
Slings         | 1 |  1.6
Bows           | 1 |  1.6
Crossbows      | 1 |  1.6
Dodging        | 1 |  1.6
Stealth        | 1 |  1.6
Shields        | 1 |  1.6
Unarmed Combat | 1 |  1.6
Spellcasting   | 1 |  1.6
Throwing       | 3 |  3.0
Armour         | 3 |  3.0
Conjurations   | 1 |  1.3
Hexes          | 1 |  1.3
Charms         | 1 |  1.3
Summonings     | 1 |  1.3
Necromancy     | 1 |  1.3
Translocations | 1 |  1.3
Transmutations | 1 |  1.3
Fire Magic     | 1 |  1.3
Ice Magic      | 1 |  1.3
Air Magic      | 1 |  1.3
Earth Magic    | 1 |  1.3
Poison Magic   | 1 |  1.3
Evocations     | 3 |  3.0
Fighting       | |  8.7
Axes           | |  6.7

Action                   |  1- 3 |  4- 6 || total
-------------------------+-------+-------++-------
Melee: Hand axe          |    79 |    55 ||   134
       Bite              |     6 |     5 ||    11
Invok: Heroism           |       |     1 ||     1
  Use: Scroll            |       |     2 ||     2
  Eat: Chunk             |     1 |     2 ||     3
Armor: Ring mail         |    33 |    15 ||    48
Dodge: Dodged            |    49 |    10 ||    59
Block: Shield            |       |    11 ||    11
